Map: King's Cove LE

Players

woof - Winner!

  • Race: Zerg Zerg
  • League: Diamond
  • Spawn Location: 5:00

LuckyPants

  • Race: Terran Terran
  • League: Platinum
  • Spawn Location: 11:00

VOD

Have the link to the VOD?

Description

Time

  • Played on: March 15, 2019, 5:10 a.m.
  • Length: 8:25
Show
View Real Time Build Order
Export as new Build Order

woof Zerg - Winner!

Build Orders: Pool First, Zergling Baneling 

Get SALT Encoding   

  12  0:01  Drone  
  13  0:08  Drone  
  14  0:21  Extractor, Drone  
  13  0:22  Extractor  
  13  0:23  Drone  
  16  1:01  Spawning Pool  
  16  1:03  Extractor  
  14  1:05  Extractor, Drone  
  16  1:13  Overlord  
  16  1:18  Hatchery  
  15  1:42  Hatchery  
  14  1:47  Zergling x6  
  14  1:51  Extractor  
  16  1:58  Drone  
  17  2:10  Drone  
  18  2:21  Drone  
  19  2:30  Queen  
  19  2:31  Queen  
  19  2:32  Drone  
  24  2:46  Overlord  
  24  2:50  Drone  
  24  3:06  Drone x4  
  24  3:11  Queen  
  30  3:16  Drone  
  31  3:27  Baneling Nest  
  31  3:30  Spine Crawler  
  27  3:44  Spine Crawler  
  27  3:47  Zergling x6  
  27  3:48  Zergling x2  
  30  4:01  Zergling x8  
  34  4:25  Baneling  
  34  4:26  Baneling x10  
  34  4:29  Overlord x2  
  29  5:03  Zergling x18  
  35  5:15  Zergling x4  
  35  5:16  Zergling x4  
  39  5:33  Zergling x6  
  40  5:43  Zergling x4  
  40  5:50  Zergling x2  
  40  5:59  Zergling x4  
  42  6:10  Baneling  
  42  6:11  Baneling x11  
  42  6:17  Zergling x6  
  42  6:32  Zergling x2  
  42  6:33  Zergling x4  
  42  6:41  Queen  
  42  6:43  Zergling x4  
  42  6:47  Queen  
  42  7:11  Baneling  
  42  7:12  Baneling x5  
  42  7:17  Queen  
  42  7:28  Overlord  
Show
View Real Time Build Order
Export as new Build Order

LuckyPants Terran 

Build Orders:  

Get SALT Encoding   

  12  0:01  SCV  
  13  0:13  SCV  
  14  0:19  Supply Depot  
  14  0:25  SCV  
  15  0:32  Refinery  
  15  0:40  SCV  
  16  0:54  SCV, Barracks  
  17  1:06  SCV  
  18  1:19  SCV  
  19  1:31  SCV  
  20  1:51  Barracks Reactor  
  20  1:53  Orbital Command  
  20  1:59  Command Center  
  20  2:15  Barracks  
  20  2:19  SCV, Supply Depot  
  21  2:35  Bunker  
  21  2:37  SCV  
  21  2:38  Marine  
  21  2:40  Marine  
  23  3:00  Marine x2  
  23  3:03  Barracks Tech Lab, SCV  
  23  3:04  Refinery  
  25  3:18  SCV  
  26  3:46  Marine  
  26  3:47  Marine x2  
  29  3:50  Stimpack  
  29  3:52  SCV  
  29  3:55  Factory  
  30  4:04  SCV  
  30  4:06  Marine x2  
  30  4:07  Marine  
  35  4:15  Orbital Command  
  34  4:22  SCV  
  34  4:23  Supply Depot  
  35  4:24  Marine x3  
  38  4:34  SCV  
  39  4:46  SCV, Supply Depot  
  39  4:50  Factory Reactor  
  40  4:53  Starport  
  40  4:54  SCV  
  40  4:58  SCV  
  38  5:06  SCV  
  39  5:11  Marauder, Marine x2  
  41  5:15  Factory Tech Lab  
  41  5:17  SCV  
  41  5:19  SCV, Bunker  
  37  5:37  Marine x2  
  37  5:38  Marauder  
  37  5:47  SCV  
Tags
 
Add a new tag
Caveats
  • Supply blocks, unpowered buildings, or Contaminate may cause inaccurate times.
  • Supply counts are checked every 10 seconds.